MLB
PHILADELPHIA PHILLIES @ ATLANTA BRAVES
09/21/2047
 
TOP OF THE 1ST
Philadelphia Phillies batting - Pitching for Atlanta Braves : RHP Nicolas Coppola II
Pitching: RHP Nicolas Coppola II
Batting: LHB Osamu Kubo 0-0: Called Strike
0-1: SINGLE (Line Drive, 7S, EV 86.2 MPH)
Batting: RHB Tommie Eaton 0-0: Ball
1-0: Fly out, F8 (Flyball, 8LD, EV 86.9 MPH)
Batting: SHB Lance Franklin 0-0: Ball
1-0: Ball
2-0: Called Strike
2-1: Ball
3-1: Swinging Strike
3-2: Foul Ball, location: 2F
3-2: Foul Ball, location: 2F
3-2: Ground out 4-3 (Groundball, 4, EV 90.6 MPH)
Osamu Kubo to second
Batting: RHB Chef Belew 0-0: Foul Ball, location: 2F
0-1: Ball
1-1: Ground out 3-1 (Groundball, 34S, EV 85.6 MPH)
Top of the 1st over - 0 runs, 1 hit, 0 errors, 1 left on base; Philadelphia 0 - Atlanta 0
BOTTOM OF THE 1ST
Atlanta Braves batting - Pitching for Philadelphia Phillies : RHP Sean Hill
Pitching: RHP Sean Hill
Batting: RHB Jeckel Hester 0-0: Ball
1-0: Called Strike
1-1: Ball
2-1: Foul Ball, location: 2F
2-2: Ball
3-2: Foul Ball, location: 2F
3-2: Ground out 5-3 (Groundball, 5, EV 88.1 MPH)
Batting: SHB Jason Woods 0-0: Ground out 4-3 (Groundball, 4, EV 110.6 MPH)
Batting: RHB Ike Trout 0-0: Ball
1-0: Called Strike
1-1: Foul Ball, location: 2F
1-2: Ball
2-2: Ball
3-2: Ground out 6-3 (Groundball, 6, EV 108.8 MPH)
Bottom of the 1st over - 0 runs, 0 hits, 0 errors, 0 left on base; Philadelphia 0 - Atlanta 0
TOP OF THE 2ND
Philadelphia Phillies batting - Pitching for Atlanta Braves : RHP Nicolas Coppola II
Batting: LHB Eric Katz 0-0: Called Strike
0-1: Foul Ball, location: 2F
0-2: Foul Ball, location: 2F
0-2: Ball
1-2: Ball
2-2: DOUBLE (Line Drive, 78XD, EV 99.4 MPH)
Batting: RHB Josh Hensley 0-0: DOUBLE (Line Drive, 7LD, EV 106.9 MPH)
Eric Katz scores
Batting: SHB Jean-François Bernard 0-0: Ball
1-0: Ball
2-0: Called Strike
2-1: Swinging Strike
2-2: Ball
3-2: Fly out, F8 (Flyball, 89D, EV 95.6 MPH)
Runner from 2nd tags up, SAFE at 3rd, no throw by CF
Batting: LHB Nick Canizales 0-0: Swinging Strike
0-1: Foul Ball, location: 2F
0-2: Ball
1-2: Ball
2-2: Foul Ball, location: 2F
2-2: Foul Ball, location: 2F
2-2: Strikes out swinging
Batting: LHB Mike Davis 0-0: Ball
1-0: Foul Ball, location: 2F
1-1: Ball
2-1: Ground out 6-3 (Groundball, 6, EV 78.8 MPH)
Top of the 2nd over - 1 run, 2 hits, 0 errors, 1 left on base; Philadelphia 1 - Atlanta 0
BOTTOM OF THE 2ND
Atlanta Braves batting - Pitching for Philadelphia Phillies : RHP Sean Hill
Batting: RHB Rich Stinson 0-0: Ball
1-0: Fly out, F9 (Flyball, 9, EV 81.9 MPH)
Batting: RHB Alex Rodriguez Jr. 0-0: Ball
1-0: SOLO HOME RUN (Flyball, 9D, EV 98.8 MPH), Distance : 366 ft
Batting: RHB Luis Torres 0-0: Swinging Strike
0-1: Foul Ball, location: 2F
0-2: Foul Ball, location: 2F
0-2: Ball
1-2: Ground out 1-3 (Groundball, 34S, EV 63.8 MPH)
Batting: RHB Xavier Davis 0-0: Ball
1-0: Ball
2-0: Foul Ball, location: 2F
2-1: Foul Ball, location: 2F
2-2: Fly out, F8 (Flyball, 8RM, EV 85.0 MPH)
Bottom of the 2nd over - 1 run, 1 hit, 0 errors, 0 left on base; Philadelphia 1 - Atlanta 1
TOP OF THE 3RD
Philadelphia Phillies batting - Pitching for Atlanta Braves : RHP Nicolas Coppola II
Batting: LHB Osamu Kubo 0-0: Ball
1-0: Hit by Pitch
Batting: RHB Tommie Eaton 0-0: Called Strike
0-1: SINGLE (Groundball, 34D, EV 105.6 MPH)
Osamu Kubo to second
Runner from 2nd tries for 3rd, SAFE, throw by RF made to third
Batting: SHB Lance Franklin 0-0: Ball
1-0: Ball
2-0: Grounds out, U3 (Groundball, 3L, EV 104.4 MPH)
Osamu Kubo scores
Batting: RHB Chef Belew 0-0: Called Strike
0-1: Ball
1-1: Ball
2-1: Ball
3-1: Base on Balls
Batting: LHB Eric Katz 0-0: Called Strike
0-1: SINGLE (Groundball, 56S, EV 76.9 MPH) (infield hit)
Tommie Eaton to third
Chef Belew to second
Batting: RHB Josh Hensley 0-0: Ball
1-0: Ball
2-0: Ball
3-0: Called Strike
3-1: Base on Balls
Tommie Eaton scores
Chef Belew to third
Eric Katz to second
Batting: SHB Jean-François Bernard 0-0: Swinging Strike
0-1: Ball
1-1: Grounds into double play, 4-6-3 (Groundball, 4, EV 101.9 MPH)
Top of the 3rd over - 2 runs, 2 hits, 0 errors, 2 left on base; Philadelphia 3 - Atlanta 1
BOTTOM OF THE 3RD
Atlanta Braves batting - Pitching for Philadelphia Phillies : RHP Sean Hill
Batting: RHB Liangde Li 0-0: Ball
1-0: Swinging Strike
1-1: Called Strike
1-2: SINGLE (Groundball, 6S, EV 74.4 MPH) (infield hit)
Batting: RHB Tade Post 0-0: Ball
1-0: Ball
2-0: Called Strike
2-1: Ball
3-1: Grounds out, U3 (Groundball, 3L, EV 85.6 MPH)
Batting: RHB Jeckel Hester 0-0: Swinging Strike
0-1: Fly out, F7 (Flyball, 7LS, EV 80.6 MPH)
Batting: SHB Jason Woods 0-0: Called Strike
0-1: Ball
1-1: Ball
2-1: 2-RUN HOME RUN (Flyball, 9LD, EV 92.5 MPH), Distance : 344 ft
Batting: RHB Ike Trout 0-0: Swinging Strike
0-1: Called Strike
0-2: Ball
1-2: Fly out, F9 (Flyball, 9S, EV 90.6 MPH)
Bottom of the 3rd over - 2 runs, 2 hits, 0 errors, 0 left on base; Philadelphia 3 - Atlanta 3
TOP OF THE 4TH
Philadelphia Phillies batting - Pitching for Atlanta Braves : RHP Nicolas Coppola II
Batting: LHB Nick Canizales 0-0: Called Strike
0-1: Foul Ball, location: 2F
0-2: Foul Ball, location: 2F
0-2: Ball
1-2: Foul Ball, location: 2F
1-2: Ball
2-2: Foul Ball, location: 2F
2-2: Foul Ball, location: 2F
2-2: Ground out 1-3 (Groundball, 23, EV 62.5 MPH)
Batting: LHB Mike Davis 0-0: Ball
1-0: Foul Ball, location: 2F
1-1: Ground out 5-3 (Groundball, 5S, EV 83.8 MPH)
Batting: LHB Osamu Kubo 0-0: Ball
1-0: Ball
2-0: Ball
3-0: Called Strike
3-1: Ground out 4-3 (Groundball, 4, EV 83.8 MPH)
Top of the 4th over - 0 runs, 0 hits, 0 errors, 0 left on base; Philadelphia 3 - Atlanta 3
BOTTOM OF THE 4TH
Atlanta Braves batting - Pitching for Philadelphia Phillies : RHP Sean Hill
Batting: RHB Rich Stinson 0-0: Ball
1-0: Ball
2-0: Ball
3-0: Called Strike
3-1: TRIPLE (Flyball, 89XD, EV 100.6 MPH)
Batting: RHB Alex Rodriguez Jr. 0-0: Swinging Strike
0-1: Ball
1-1: Foul Ball, location: 2F
1-2: Ball
2-2: Strikes out swinging
Batting: RHB Luis Torres 0-0: Ball
1-0: Ball
2-0: Ball
3-0: Called Strike
3-1: Foul Ball, location: 2F
3-2: Foul Ball, location: 2F
3-2: Foul Ball, location: 2F
3-2: Strikes out swinging
Batting: RHB Xavier Davis 0-0: Fly out, F6 (Popup, 6, EV 65.0 MPH)
Bottom of the 4th over - 0 runs, 1 hit, 0 errors, 1 left on base; Philadelphia 3 - Atlanta 3
TOP OF THE 5TH
Philadelphia Phillies batting - Pitching for Atlanta Braves : RHP Nicolas Coppola II
Batting: RHB Tommie Eaton 0-0: Foul Ball, location: 2F
0-1: Ground out 6-3 (Groundball, 6, EV 90.0 MPH)
Batting: SHB Lance Franklin 0-0: Called Strike
0-1: Ball
1-1: Called Strike
1-2: Foul Ball, location: 2F
1-2: Ground out 6-3 (Groundball, 56, EV 81.2 MPH)
Batting: RHB Chef Belew 0-0: Called Strike
0-1: Ball
1-1: Ball
2-1: Called Strike
2-2: Ball
3-2: Base on Balls
Batting: LHB Eric Katz 0-0: Ball
1-0: Called Strike
1-1: Ball
2-1: DOUBLE (Line Drive, 89D, EV 111.2 MPH)
Chef Belew to third
Batting: RHB Josh Hensley 0-0: Ground out 4-3 (Groundball, 4, EV 80.6 MPH)
Top of the 5th over - 0 runs, 1 hit, 0 errors, 2 left on base; Philadelphia 3 - Atlanta 3
BOTTOM OF THE 5TH
Atlanta Braves batting - Pitching for Philadelphia Phillies : RHP Sean Hill
Batting: RHB Liangde Li 0-0: Called Strike
0-1: Foul Ball, location: 2F
0-2: Ball
1-2: Fly out, F9 (Flyball, 89M, EV 80.0 MPH)
Batting: RHB Tade Post 0-0: Ball
1-0: Swinging Strike
1-1: Ball
2-1: Foul Ball, location: 2F
2-2: Strikes out swinging
Batting: RHB Jeckel Hester 0-0: Foul Ball, location: 2F
0-1: Foul Ball, location: 2F
0-2: Ball
1-2: Strikes out swinging
Bottom of the 5th over - 0 runs, 0 hits, 0 errors, 0 left on base; Philadelphia 3 - Atlanta 3
TOP OF THE 6TH
Philadelphia Phillies batting - Pitching for Atlanta Braves : RHP Nicolas Coppola II
Batting: SHB Jean-François Bernard 0-0: Ball
1-0: Ball
2-0: SINGLE (Groundball, 6M, EV 106.2 MPH) (infield hit)
Batting: LHB Nick Canizales 0-0: Ball
1-0: Ball
2-0: Called Strike
2-1: Ball
3-1: Foul Ball, location: 2F
3-2: SINGLE (Line Drive, 7S, EV 92.5 MPH)
Jean-François Bernard to second
Pitching: LHP Shingo Miura
Pinch Hitting: RHB Mike Blair 0-0: Ball
1-0: Called Strike
1-1: Ball
2-1: Foul Ball, location: 2F
2-2: Ball
3-2: Foul Ball, location: 2F
3-2: Fly out, F9 (Line Drive, 9D, EV 89.4 MPH)
Runner from 2nd tags up, SAFE at 3rd, no throw by RF
Batting: LHB Osamu Kubo 0-0: Ball
1-0: Called Strike
1-1: Grounds into double play, 4-6-3 (Groundball, 34, EV 98.8 MPH)
Top of the 6th over - 0 runs, 2 hits, 0 errors, 1 left on base; Philadelphia 3 - Atlanta 3
BOTTOM OF THE 6TH
Atlanta Braves batting - Pitching for Philadelphia Phillies : RHP Sean Hill
Now in LF: Danny Hill
Now in RF: Osamu Kubo
Batting: SHB Jason Woods 0-0: Ball
1-0: Ball
2-0: Ball
3-0: Called Strike
3-1: Base on Balls
Batting: RHB Ike Trout 0-0: Called Strike
0-1: Ball
1-1: Foul Ball, location: 2F
1-2: SINGLE (Flyball, 34D, EV 84.4 MPH)
Jason Woods to second
Batting: RHB Rich Stinson 0-0: Ball
1-0: Ball
2-0: Foul Ball, location: 2F
2-1: Foul Ball, location: 2F
2-2: SINGLE (Line Drive, 56D, EV 101.9 MPH)
Jason Woods to third
Ike Trout to second
Pitching: RHP Lucas McPhillie
Batting: RHB Alex Rodriguez Jr. 0-0: Called Strike
0-1: Ball
1-1: Ball
2-1: Ball
3-1: Grounds into double play, 6-2-3 (Groundball, 6, EV 81.2 MPH)
Ike Trout to third
Rich Stinson to second
Batting: RHB Luis Torres 0-0: Fly out, F3 (Popup, 34, EV 59.4 MPH)
Bottom of the 6th over - 0 runs, 2 hits, 0 errors, 2 left on base; Philadelphia 3 - Atlanta 3
TOP OF THE 7TH
Philadelphia Phillies batting - Pitching for Atlanta Braves : LHP Shingo Miura
Pitching: RHP Nate Bixler
Pinch Hitting: LHB Jim Beaver 0-0: Swinging Strike
0-1: Foul Ball, location: 2F
0-2: Ball
1-2: Ball
2-2: Strikes out swinging
Pitching: RHP Andy Kiefer
Batting: SHB Lance Franklin 0-0: Foul Ball, location: 2F
0-1: Foul Ball, location: 2F
0-2: Ground out 1-3 (Groundball, 13S, EV 65.6 MPH)
Batting: RHB Chef Belew 0-0: Foul Ball, location: 2F
0-1: Fly out, F7 (Flyball, 7S, EV 90.6 MPH)
Top of the 7th over - 0 runs, 0 hits, 0 errors, 0 left on base; Philadelphia 3 - Atlanta 3
BOTTOM OF THE 7TH
Atlanta Braves batting - Pitching for Philadelphia Phillies : RHP Lucas McPhillie
Now at 2B: Jean-François Bernard
Now at 3B: Jim Beaver
Now at SS: Lance Franklin
Batting: RHB Xavier Davis 0-0: Ball
1-0: Called Strike
1-1: Foul Ball, location: 2F
1-2: Foul Ball, location: 2F
1-2: Ball
2-2: Strikes out swinging
Batting: RHB Liangde Li 0-0: Foul Ball, location: 2F
0-1: Ball
1-1: Ball
2-1: Foul Ball, location: 2F
2-2: Ball
3-2: Base on Balls
Batting: RHB Tade Post 0-0: Ball
Liangde Li steals 2nd base
1-0: Called Strike
1-1: Ball
2-1: Ball
3-1: Called Strike
3-2: Base on Balls
Batting: RHB Jeckel Hester 0-0: Called Strike
0-1: Ball
1-1: Ball
Liangde Li steals 3rd base
2-1: Called Strike
Tade Post steals 2nd base
2-2: SINGLE (Groundball, 4M, EV 94.4 MPH)
Liangde Li scores
Tade Post to third
Runner from 3rd tries for Home, SAFE, throw by CF to home
Batting: SHB Jason Woods 0-0: Ball
1-0: Called Strike
1-1: Fly out, F9 (Flyball, 89S, EV 88.8 MPH)
Batting: RHB Ike Trout 0-0: Ball
Jeckel Hester is caught stealing 2nd base 2-4
Bottom of the 7th over - 2 runs, 1 hit, 0 errors, 0 left on base; Philadelphia 3 - Atlanta 5
TOP OF THE 8TH
Philadelphia Phillies batting - Pitching for Atlanta Braves : RHP Andy Kiefer
Batting: LHB Eric Katz 0-0: Ball
1-0: Ball
2-0: Called Strike
2-1: Foul Ball, location: 2F
2-2: Ball
3-2: Foul Ball, location: 2F
3-2: Strikes out swinging
Batting: RHB Josh Hensley 0-0: Fly out, F2 (Popup, 23F, EV 84.4 MPH)
Batting: SHB Jean-François Bernard 0-0: SOLO HOME RUN (Flyball, 89XD, EV 105.0 MPH), Distance : 423 ft
Batting: LHB Nick Canizales 0-0: Ball
1-0: Ball
2-0: Ball
3-0: Called Strike
3-1: Base on Balls
Batting: LHB Danny Hill 0-0: Ball
1-0: Foul Ball, location: 2F
1-1: Swinging Strike
1-2: Strikes out swinging
Top of the 8th over - 1 run, 1 hit, 0 errors, 1 left on base; Philadelphia 4 - Atlanta 5
BOTTOM OF THE 8TH
Atlanta Braves batting - Pitching for Philadelphia Phillies : RHP Lucas McPhillie
Pitching: RHP Brian Thomas
Batting: RHB Ike Trout 0-0: Called Strike
0-1: Called Strike
0-2: Ball
1-2: Ball
2-2: Ground out 6-3 (Groundball, 6, EV 83.1 MPH)
Batting: RHB Rich Stinson 0-0: Foul Ball, location: 2F
0-1: Ball
1-1: Swinging Strike
1-2: Foul Ball, location: 2F
1-2: Ball
2-2: Strikes out swinging
Batting: RHB Alex Rodriguez Jr. 0-0: Ground out 6-3 (Groundball, 6, EV 82.5 MPH)
Bottom of the 8th over - 0 runs, 0 hits, 0 errors, 0 left on base; Philadelphia 4 - Atlanta 5
TOP OF THE 9TH
Philadelphia Phillies batting - Pitching for Atlanta Braves : RHP Andy Kiefer
Pitching: RHP Victor Munoz
Batting: LHB Osamu Kubo 0-0: Ball
1-0: Ball
2-0: Ball
3-0: Called Strike
3-1: Foul Ball, location: 2F
3-2: Ground out U3 (Groundball, 3, EV 111.2 MPH)
Batting: LHB Jim Beaver 0-0: Ball
1-0: Ball
2-0: Ball
3-0: Called Strike
3-1: Ground out 4-3 (Groundball, 4, EV 78.1 MPH)
Batting: SHB Lance Franklin 0-0: Called Strike
0-1: Ball
1-1: Foul Ball, location: 2F
1-2: SINGLE (Groundball, 4, EV 95.6 MPH)
Batting: RHB Chef Belew 0-0: Called Strike
0-1: Ball
1-1: Called Strike
1-2: Strikes out swinging
Top of the 9th over - 0 runs, 1 hit, 0 errors, 1 left on base; Philadelphia 4 - Atlanta 5
Thursday, December 15th , 2022 - OOTP Baseball 23.9 Build 102